 Dungeon Crawl Stone Soup version 0.30.1-3-gfc49f6343a (webtiles) character file.

Game seed: 15926530583906116041

96 Heoruswealwe the Conjurer (level 4, 0/24 HPs)
             Began as a Deep Elf Conjurer on July 19, 2023.
             Slain by an adder (2 damage)
             ... on level 4 of the Dungeon.
             The game lasted 00:21:32 (2496 turns).

Heoruswealwe the Conjurer (Deep Elf Conjurer)       Turns: 2496, Time: 00:21:33

Health: 0/24       AC:  1    Str:  4    XL:     4   Next: 41%
Magic:  1/13       EV: 12    Int: 25    God:
Gold:   174        SH:  0    Dex: 13    Spells: 2/13 levels left

rFire   . . .        (no weapon)
rCold   . . .        (no shield)
rNeg    . . .        (no body armour)
rPois   .            (no helmet)
rElec   .            (no cloak)
rCorr   .            f - +0 pair of gloves
SInv    .            (no boots)
Will    .....        (no amulet)
Stlth   ++           (no ring)
HPRegen 0.24/turn    (no ring)
MPRegen 0.13/turn

%: no passive effects
@: lethally poisoned (0 -> -3)
A: no striking features
a: no special abilities


You were on level 4 of the Dungeon.
You visited 1 branch of the dungeon, and saw 4 of its levels.

You collected 174 gold pieces.

Inventory:

Hand Weapons
 b - a +0 war axe
Armour
 f - a +0 pair of gloves (worn)
Magical Staves
 q - a staff of earth
Scrolls
 a - a scroll of fog {unknown}
 c - a scroll of poison {unknown}
 d - 2 scrolls of noise {unknown}
 e - 2 scrolls of vulnerability {unknown}
 h - 2 scrolls of identify {unknown}
 j - a scroll of summoning {unknown}
 m - a scroll of fear {unknown}
Potions
 g - a potion of cancellation
 i - a potion of berserk rage {unknown}
 k - a potion of attraction {unknown}
 l - 2 potions of curing {unknown}


   Skills:
 - Level 2.4 Dodging
 - Level 2.4 Stealth
 + Level 5.0 Spellcasting
 + Level 5.5 Conjurations


You had 2 spell levels left.
You knew the following spells:

 Your Spells              Type           Power      Damage    Failure   Level
a - Magic Dart            Conj           100%       1d8       1%          1
b - Shock                 Conj/Air       80%        1d8       2%          1
c - Searing Ray           Conj           68%        2d6       1%          2
d - Dazzling Flash        Conj/Hex       40%        N/A       8%          3
e - Fulminant Prism       Conj/Hex       10%        3d9       26%         4

Your spell library contained the following spells:

 Spells                   Type           Power      Damage    Failure   Level
 Swiftness                Air            6%         N/A       24%         3
 Iskenderun's Mystic Bla  Conj/Tloc      20%        2d6       26%         4
 Airstrike                Air            3%         2d(1-17)  63%         4


Dungeon Overview and Level Annotations

Branches:
Dungeon (3/15)

Altars:
Cheibriados
Hepliaklqana


Message History

Confirm with . or Enter, or press ? or * to list all spells.
Aiming: Magic Dart (safe; 1% risk of failure)
Press: ? - help, Shift-Dir - straight line, f/p - orc
Aim: an orc, wielding a +0 dagger and wearing a +1 ring mail of cold resistance (100% to hit)
The magic dart hits the orc but does no damage.
The orc barely misses you.
Casting: Magic Dart (safe; 1% risk of failure)
Confirm with . or Enter, or press ? or * to list all spells.
Aiming: Magic Dart (safe; 1% risk of failure)
Press: ? - help, Shift-Dir - straight line, f/p - orc
Aim: an orc, wielding a +0 dagger and wearing a +1 ring mail of cold resistance (100% to hit)
The magic dart hits the orc.
The orc is moderately wounded.
The orc hits you with a +0 dagger. The orc hits you but does no damage.
Things that are here:
a +0 flail; a +0 leather armour; an orc corpse The orc attacks as you move away!
The orc closely misses you.
Casting: Magic Dart (safe; 1% risk of failure)
Confirm with . or Enter, or press ? or * to list all spells.
Aiming: Magic Dart (safe; 1% risk of failure)
Press: ? - help, Shift-Dir - straight line, f/p - orc
Aim: an orc, wielding a +0 dagger and wearing a +1 ring mail of cold resistance (moderately wounded, 100% to hit)
The magic dart hits the orc.
The orc is severely wounded.
The orc hits you with a +0 dagger. The orc attacks as you move away!
The orc closely misses you.
An adder comes into view.
The adder hisses angrily.
The orc attacks as you move away! The orc hits you with a +0 dagger.
* * * LOW HITPOINT WARNING * * *
The orc attacks as you move away! The orc hits you but does no damage.
The adder bites you.
* * * LOW HITPOINT WARNING * * *
You are lethally poisoned!
The adder poisons you!
It was a potion of cancellation.
You feel magically purged.
* * * LOW HITPOINT WARNING * * *
You feel sick. The adder bites you.
You die...

## .. #.##
##... ....
#####.###.#
#.oS......#
#.#@#.####
#...#.###
###...).#
#...#.#)#
#.#####.#.#
#.......#.#
#########..
... ##.#


You could see an adder and an orc.

Vanquished Creatures
  4 gnolls (D:2)
  2 worms
  A dart slug (D:1)
  7 orcs
  6 ball pythons
  6 bats
  2 endoplasms (D:1)
  2 giant cockroaches
  2 goblins (D:1)
  4 hobgoblins
  A kobold (D:1)
  A quokka (D:1)
  2 rats (D:1)
40 creatures vanquished.

Notes
Turn   | Place    | Note
-------+----------+-------------------------------------------
     0 | D:1      | Heoruswealwe the Deep Elf Conjurer began the quest for the
                  | Orb.
     0 | D:1      | Reached XP level 1. HP: 10/10 MP: 6/6
   475 | D:1      | Reached XP level 2. HP: 15/15 MP: 3/8
   478 | D:1      | Learned a level 2 spell: Searing Ray
  1481 | D:2      | Reached skill level 5 in Conjurations
  1481 | D:2      | Reached XP level 3. HP: 19/19 MP: 5/10
  1496 | D:2      | Reached XP level 4. HP: 4/24 MP: 1/12
  1500 | D:2      | Learned a level 3 spell: Dazzling Flash
  1505 | D:2      | Learned a level 4 spell: Fulminant Prism
  2010 | D:3      | Found a hazy altar of Hepliaklqana.
  2149 | D:3      | Found a snail-covered altar of Cheibriados.
  2365 | D:3      | Learned a level 1 spell: Shock
  2462 | D:2      | You fall into a shaft and drop 2 floors!
  2483 | D:4      | Reached skill level 5 in Spellcasting
  2496 | D:4      | Slain by an adder

Illustrated notes

Levels and vault maps discovered:
D:1:      elethiomel_arrival_infinity_welcomes_careful_drivers, layout_basic
D:2:      layout_loops_ring, minmay_tiny_reverse_x
D:3:      kennysheep_the_goblin_king, layout_basic, slow_altar_1,
          nzn_hepliaklqana_mist_gate, due_unseen_surprise
D:4:      layout_basic, grunt_temple_overflow_growth_and_decay, serial_shops,
          nicolae_shop_waterfront, hellmonk_no_cap, uniq_sigmund,
          uniq_eustachio, uniq_natasha

Skill      XL: |  1  2  3  4 |
---------------+-------------+-----
Spellcasting   | 4 5 |  5.0
Conjurations   | 5 |  5.5
Dodging        | |  2.4
Stealth        | |  2.4

Action                     |  1- 3 |  4- 6 || total
---------------------------+-------+-------++-------
  Melee: Unarmed           |     3 |       ||     3
   Cast: Magic Dart        |    54 |    38 ||    92
         Searing Ray       |     2 |     2 ||     4
    Use: Potion            |     1 |     1 ||     2
 Armour: Robe              |     1 |       ||     1
         Skin              |       |     9 ||     9
  Dodge: Dodged            |     8 |    19 ||    27
